 Dungeon Crawl Stone Soup version 0.32-a0-656-g3542139ebd (webtiles) character file.

Game seed: 8441445644748385593

4218 Griffin23 the Carver (level 10, -14/84 HPs)
             Began as a Minotaur Fighter on Mar 8, 2024.
             Was an Initiate of Yredelemnul.
             Demolished by a komodo dragon (23 damage)
             ... on level 9 of the Dungeon.
             The game lasted 00:24:53 (11585 turns).

Griffin23 the Carver (Minotaur Fighter)            Turns: 11585, Time: 00:24:53

Health: -14/84     AC: 15    Str: 25    XL:     10   Next: 9%
Magic:  9/9        EV: 10    Int:  5    God:    Yredelemnul [......]
Gold:   424        SH:  5    Dex: 10    Spells: 9/9 levels left

rFire   . . .        a - +0 long sword
rCold   + . .        c - +0 buckler
rNeg    + . .        h - +0 chain mail
rPois   .            (helmet restricted)
rElec   .            (no cloak)
rCorr   .            (no gloves)
SInv    .            A - +2 pair of boots
Will    .....        (no amulet) Stlth
                     j - ring of positive energy
HPRegen 0.34/turn    o - ring of protection from cold
MPRegen 0.11/turn

%: no passive effects
@: wreathed by umbra
A: horns 2, retaliatory headbutt
a: Renounce Religion, Light the Black Torch, Recall Undead Harvest


You were on level 9 of the Dungeon.
You worshipped Yredelemnul.
Yredelemnul was noncommittal.
You visited 2 branches of the dungeon, and saw 10 of its levels.

You collected 452 gold pieces.
You spent 28 gold pieces at shops.

Inventory:

Hand Weapons
 a - a +0 long sword (weapon)
Armour
 b - a +0 scale mail
 c - a +0 buckler (worn)
 h - a +0 chain mail (worn)
 s - the +1 leather armour of the Ten Mashing Xenops {Fly rC+}
   (You found it on level 5 of the Dungeon)

   rC+:       It protects you from cold.
   Fly:       It grants you flight.
 A - a +2 pair of boots (worn)
Jewellery
 j - a ring of positive energy (left hand)
 o - a ring of protection from cold (right hand)
 x - a ring of ice
 J - an amulet of regeneration
Talismans
 H - a maw talisman
Wands
 l - a wand of polymorph (12)
 n - a wand of acid (13)
 q - a wand of charming (24)
 z - a wand of mindburst (25)
 E - a wand of iceblast (7)
 F - a wand of digging (1)
Scrolls
 f - 3 scrolls of identify
 i - 2 scrolls of teleportation
 m - 2 scrolls of vulnerability
 r - a scroll of noise
 v - a scroll of brand weapon
 y - 2 scrolls of revelation
 B - a scroll of silence {unknown}
 D - a scroll of enchant weapon {unknown}
 I - a scroll of fear {unknown}
 K - a scroll of blinking
Potions
 d - a potion of might
 e - 2 potions of brilliance
 g - 2 potions of mutation
 k - 2 potions of invisibility
 p - 3 potions of ambrosia
 t - a potion of attraction
 u - a potion of heal wounds
 w - a potion of degeneration {unknown}
 C - 2 potions of cancellation {unknown}
 G - 2 potions of curing {unknown}


   Skills:
 * Level 6.9 Fighting
 * Level 10.6 Long Blades
 * Level 10.5 Armour
 - Level 3.9 Dodging
 - Level 1.2 Stealth
 * Level 7.4 Shields
 + Level 0.5 Invocations


You had 9 spell levels left.
You didn't know any spells.
Your spell library contained the following spells:

 Spells                   Type           Power      Damage    Failure   Level
 Kiss of Death            Conj/Necr      0%         2d5       94%         1
 Sting                    Conj/Alch      0%         1d3       94%         1
 Mercury Vapours          Alch/Air       0%         N/A       98%         2
 Confusing Touch          Hex            0%         N/A       100%        3
 Ozocubu's Armour         Ice            0%         N/A       100%        3
 Volatile Blastmotes      Fire/Tloc      0%         2d10      100%        3
 Dispel Undead            Necr           0%         3d6       100%        4
 Fulminant Prism          Conj/Alch      0%         3d5       100%        4
 Iskenderun's Mystic Bla  Conj/Tloc      0%         2d3       100%        4
 Olgreb's Toxic Radiance  Alch           0%         N/A       100%        4
 Vhi's Electric Charge    Tloc/Air       0%         N/A       100%        4
 Arcjolt                  Conj/Air       0%         1d10      100%        5
 Metabolic Englaciation   Hex/Ice        0%         N/A       100%        5
 Plasma Beam              Fire/Air       0%         2x1d10    100%        6
 Sculpt Simulacrum        Ice/Alch       0%         N/A       100%        6


Dungeon Overview and Level Annotations

Branches:
Dungeon (9/15)             Temple (1/1) D:6
   Lair: D:8-11         Orc: D:9-12

Altars:
Ashenzari
Cheibriados
Dithmenos
Elyvilon
Fedhas
Gozag
Hepliaklqana
Kikubaaqudgha
Makhleb
Nemelex Xobeh
Okawaru
Qazlal
Ru
Sif Muna
Trog
Uskayaw
Vehumet
Wu Jian
Xom
Yredelemnul
Zin
The Shining One

Shops:
D:4 ?

Annotations:
D:6 Jeremiah


Innate Abilities, Weirdness & Mutations

You have a pair of horns on your head.
You reflexively headbutt those who attack you in melee.


Message History

You hit the komodo dragon.
The komodo dragon is moderately wounded.
The komodo dragon bites you!!
You barely miss the komodo dragon.
The komodo dragon is moderately wounded.
The komodo dragon barely misses you. You furiously retaliate!
You headbutt the komodo dragon! You hit the komodo dragon.
The komodo dragon is heavily wounded.
The komodo dragon bites you but does no damage.
You hit the komodo dragon.
The komodo dragon is heavily wounded.
You block the komodo dragon's attack.
You slash the komodo dragon! You headbutt the komodo dragon.
The komodo dragon is almost dead.
The komodo dragon bites you!
You hit the komodo dragon but do no damage.
The komodo dragon is almost dead.
You closely miss the komodo dragon.
You headbutt the komodo dragon, but do no damage.
The komodo dragon is almost dead.
You block the komodo dragon's attack.
You hit the komodo dragon.
You headbutt the komodo dragon, but do no damage.
The komodo dragon is almost dead.
The komodo dragon bites you!
You hit the komodo dragon.
The komodo dragon is almost dead.
The komodo dragon bites you!!
You are too injured to fight recklessly!
You are too injured to fight recklessly!
You hit the komodo dragon but do no damage.
The komodo dragon is almost dead.
The komodo dragon bites you!!
* * * LOW HITPOINT WARNING * * *
You barely miss the komodo dragon. Your headbutt misses the komodo dragon.
The komodo dragon is almost dead.
The komodo dragon bites you!!
You die...
Your body rises from the dead as a mindless zombie.

.........))........+
.>.................#
)..................#
...................#
#
..................[#
.
###########.........
. ######### ### #
#.####Z###.#
#..l@Z....###
.......###.....#
......# #.###..####
#### ###.#. ###
###...###... # #
####...### ####.##
###


You could see a komodo dragon (ally target) and 2 friendly orc wizard zombies.

Vanquished Creatures
  A two-headed ogre (D:8)
  A hornet (D:7)
  3 wyverns
  3 water moccasins
  An acid dragon (D:9)
  A sky beast (D:6)
  2 black bears
  2 ogres
  4 centaurs
  A phantom (D:4)
  2 kobold brigands
  A scorpion (D:7)
  2 bullfrogs (D:7)
  5 killer bees (D:7)
  2 bombardier beetles
  5 hounds
  4 orc priests (D:7)
  A jelly (D:5)
  A gnoll bouda (D:7)
  Jessica (D:2)
  4 sleepcaps
  Ijyb (D:2)
  2 iguanas
  6 orc wizards
  5 gnolls (D:7)
  10 adders
  2 shadow imps
  A white imp (D:8)
  4 ufetubi
  3 dart slugs
  A ribbon worm (D:4)
  23 orcs
  4 bats (D:2)
  2 endoplasms
  2 giant cockroaches (D:2)
  6 goblins
  2 hobgoblins
  16 jackals
  6 quokkas
  4 frilled lizards
  12 kobolds
  2 rats (D:2)
161 creatures vanquished.

Vanquished Creatures (collateral kills)
  A bullfrog (D:7)
  A killer bee (D:7)
  An orc priest (D:7)
  A jelly (D:8)
  An orc (D:7)
  A kobold (D:8)
6 creatures vanquished.

Vanquished Creatures (others)
  A water moccasin zombie (D:7)
  A bullfrog zombie (D:7)
  An orc zombie (D:7)
  A kobold zombie (D:8)
4 creatures vanquished.

Grand Total: 171 creatures vanquished

Notes
Turn   | Place    | Note
-------+----------+-------------------------------------------
     0 | D:1      | Griffin23 the Minotaur Fighter began the quest for the Orb.
     0 | D:1      | Reached XP level 1. HP: 19/19 MP: 0/0
   973 | D:2      | Reached XP level 2. HP: 22/27 MP: 1/1
  1097 | D:2      | Found a faded altar of an unknown god.
  1272 | D:2      | Reached XP level 3. HP: 33/33 MP: 2/2
  1568 | D:3      | Noticed Jessica
  1568 | D:3      | Noticed Ijyb
  1572 | D:2      | Killed Jessica
  1573 | D:2      | Reached XP level 4. HP: 36/40 MP: 3/3
  1598 | D:2      | Killed Ijyb
  1599 | D:2      | Reached skill level 5 in Armour
  2032 | D:3      | Reached XP level 5. HP: 44/47 MP: 4/4
  2084 | D:3      | Reached skill level 1 in Dodging
  2110 | D:3      | Identified the +1 leather armour "Gasez" {rPois Int+4}
  2495 | D:4      | Noticed a phantom
  2518 | D:4      | Killed a phantom
  2577 | D:4      | Reached XP level 6. HP: 45/53 MP: 5/5
  2802 | D:4      | Found Atziegaj's Magic Scroll Boutique.
  2830 | D:4      | Bought a scroll of identify for 28 gold pieces
  3125 | D:5      | Entered Level 5 of the Dungeon
  3130 | D:5      | Noticed a water moccasin
  3139 | D:5      | Killed a water moccasin
  3140 | D:5      | Reached skill level 5 in Long Blades
  3930 | D:5      | Reached XP level 7. HP: 54/60 MP: 6/6
  4136 | D:5      | Identified the +1 leather armour of the Ten Mashing Xenops
                  | {Fly rC+}
  4141 | D:5      | Reached skill level 5 in Shields
  4148 | D:5      | Reached skill level 5 in Fighting
  4769 | D:6      | Found a radiant altar of Vehumet.
  4860 | D:6      | Noticed Jeremiah
  5321 | D:6      | Reached XP level 8. HP: 68/68 MP: 7/7
  5659 | D:6      | Found a staircase to the Ecumenical Temple.
  5946 | Temple   | Entered the Ecumenical Temple
  6036 | Temple   | Became a worshipper of Yredelemnul the Fallen
  6168 | D:7      | Found a hazy altar of Hepliaklqana.
  6739 | D:7      | Found a blossoming altar of Fedhas.
  8578 | D:7      | Reached XP level 9. HP: 39/75 MP: 8/8
  9000 | D:7      | Found a sacrificial altar of Ru.
 10642 | D:8      | Found an ancient bone altar of Kikubaaqudgha.
 10695 | D:8      | Reached skill level 1 in Stealth
 10696 | D:8      | Found a glowing silver altar of Zin.
 10759 | D:8      | You fall into a shaft and drop 1 floor!
 10832 | D:8      | Reached skill level 10 in Armour
 10964 | D:8      | Noticed a two-headed ogre
 10971 | D:8      | Killed a two-headed ogre
 10972 | D:8      | Reached skill level 10 in Long Blades
 10982 | D:8      | Identified the +9 mace of Dissolution {holy, rPois Will-
                  | Int+5}
 11194 | D:9      | Reached XP level 10. HP: 84/84 MP: 9/9
 11585 | D:9      | Demolished by a komodo dragon

Illustrated notes

Levels and vault maps discovered:
D:1:      dpeg_arrival_pits, layout_basic, minmay_misc_feat_nine_boxes
D:2:      layout_basic, hellmonk_ecumenical_altar_arch_garden
D:3:      layout_rooms, uniq_jessica, uniq_ijyb
D:4:      layout_loops_ring, serial_shops, shop, minmay_misc_feat_columns
D:5:      layout_rooms
D:6:      layout_gridville, fiery_altar_vehumet, minmay_temple_entry_grid,
          kennysheep_another_room, uniq_jeremiah
D:7:      layout_basic, nicolae_overflow_hidden_temple,
          mainiacjoe_overflow_24_doors, amcnicky_altar_gilded,
          minmay_misc_feat_more_columns
D:8:      layout_loops_ring, kennysheep_mini_moat, zin_statuary
D:9:      layout_irregular_city, erik_lair_dragon
Temple:   lightli_temple_of_artemis

Skill      XL: |  1  2  3  4  5  6  7  8  9 |
---------------+----------------------------+-----
Fighting       | 4 5 6 |  6.9
Shields        | 4 5 6 7 |  7.4
Armour         | 4 5 6 7 9 10 | 10.5
Long Blades    | 3 4 5 6 8 10 | 10.6
Dodging        | 1 2 3 |  3.9
Stealth        | 1 |  1.2
Invocations    | |  0.5

Action                     |  1- 3 |  4- 6 |  7- 9 | 10-12 || total
---------------------------+-------+-------+-------+-------++-------
  Melee: Long sword        |    60 |   145 |   338 |    30 ||   573
         Headbutt          |     9 |    23 |    66 |    10 ||   108
         Unarmed           |       |     6 |       |       ||     6
 Invoke: Recall Undead Har |       |       |     4 |       ||     4
         Light the Black T |       |       |       |     1 ||     1
    Use: Scroll            |       |     7 |     7 |       ||    14
         Potion            |       |       |     1 |       ||     1
 Armour: Chain mail        |    41 |   173 |   300 |    29 ||   543
         Scale mail        |    12 |       |       |       ||    12
         Skin              |       |     3 |       |       ||     3
  Dodge: Dodged            |    26 |    99 |   181 |     9 ||   315
  Block: Buckler           |    14 |    52 |    96 |     7 ||   169

Table legend: (Time is in decaauts)
 A = Elapsed time spent in this place.
 B = Non-inter-level travel time spent in this place.
 C = Inter-level travel time spent in this place.
 D = Time resting spent in this place.
 E = Time spent auto-exploring this place.
 F = Levels seen in this place.
 G = Mean time per level.
                   A        B        C        D        E       F      G
               +--------+--------+--------+--------+--------+-----+--------+
         Total |  11662 |  11177 |    485 |   4374 |   5075 |  10 | 1166.2 |
       Dungeon |  11527 |  11042 |    485 |   4374 |   5041 |   9 | 1280.8 |
        Temple |    134 |    134 |      0 |      0 |     34 |   1 |  134.0 |
               +--------+--------+--------+--------+--------+-----+--------+

Top non-repeatable levels by time:
     D:7: 4155 daAuts
     D:4: 1328 daAuts
     D:6: 1202 daAuts
     D:2: 1009 daAuts
     D:1: 960 daAuts
     D:5: 908 daAuts
     D:8: 773 daAuts
     D:3: 683 daAuts
     D:9: 506 daAuts
  Temple: 134 daAuts
